 Dungeon Crawl Stone Soup version 0.31-a0-981-geadf994542 (webtiles) character file.

Game seed: 13353861890456902080

67323 CowFu the Fencer (level 14, -18/101 HPs)
             Began as a Minotaur Fighter on Nov 1, 2023.
             Was the Champion of the Shining One.
             Demolished by an ice devil (34 damage)
             ... on level 1 of the Abyss.
             The game lasted 00:33:12 (18551 turns).

CowFu the Fencer (Minotaur Fighter)                Turns: 18551, Time: 00:33:12

Health: -18/101    AC: 30    Str: 21      XL:     14   Next: 82%
Magic:  16/16      EV: 12    Int:  0 (1)  God:    the Shining One [******]
Gold:   1032       SH:  0    Dex: 16      Spells: 13/13 levels left

rFire   + + +        a - +4 scimitar (heavy)
rCold   x x .        c - +0 buckler
rNeg    + + +        E - +2 plate armour {rF+}
rPois   +            (helmet restricted)
rElec   .            P - +0 cloak {rF+}
rCorr   .            G - +2 pair of gloves {Dex+3}
SInv    .            g - +2 pair of boots
Will    +....        T - amulet of regeneration Stlth
                     m - ring of protection from fire
HPRegen 1.16/turn    R - ring of the Harvest {rPois AC+4}
MPRegen 0.15/turn

%: random rage (3%)
@: confused, ambrosia-drunk, slowed, lost intelligence, glowing, unable to read,
very slow
A: horns 2, retaliatory headbutt, [berserk 1], [clumsy 1], [deterioration 2],
[dopey 2], [frail 2], [low MP 2], [no potion heal 2], [cold vulnerability 2],
[inability to drink after injury 1], [inability to read after injury 2]
a: Renounce Religion, Divine Shield, Cleansing Flame, Summon Divine Warrior,
Brand Weapon With Holy Wrath


You were on level 1 of the Abyss.
You worshipped the Shining One.
The Shining One was exalted by your worship.
You visited 4 branches of the dungeon, and saw 19 of its levels.
You visited the Abyss 1 time.
You also visited: Sewer, Ossuary, Bailey and Volcano.

You collected 2001 gold pieces.
You spent 969 gold pieces at shops.

Inventory:

Hand Weapons
 a - a +4 heavy scimitar (weapon)
 b - a +1 rapier of protection
Missiles
 D - a throwing net
Armour
 c - a +0 buckler (worn)
 g - a +2 pair of boots (worn)
 s - a +2 leather armour of cold resistance
 E - a +2 plate armour of fire resistance (worn)
 G - a +2 pair of gloves of dexterity (worn)
 O - +0 acid dragon scales
 P - a +0 cloak of fire resistance (worn)
Jewellery
 e - a ring of resist corrosion
 m - a ring of protection from fire (left hand)
 t - a +4 ring of protection
 R - the ring of the Harvest (right hand) {rPois AC+4}
   (You bought it in a shop on level 11 of the Dungeon)

   [ring of protection]

   AC+4:      It affects your AC (+4).
   rPois:     It protects you from poison
 S - the ring "Myvogre" {Fire rElec Will+++ Dex-5 SInv}
   (You bought it in a shop on level 11 of the Dungeon)

   [ring of fire]

   Fire:      It enhances your fire magic.
   Dex-5:     It affects your dexterity (-5).
   rF+:       It protects you from fire.
   rC-:       It makes you vulnerable to cold.
   rElec:     It insulates you from electricity.
   Will+++:   It greatly increases your willpower.
   SInv:      It lets you see invisible.
 T - an amulet of regeneration (around neck)
 U - the amulet of Wishful Thinking {Faith rPois rC- rN+++ Int-2}
   (You bought it in a shop on level 11 of the Dungeon)

   [amulet of faith]

   Faith:     It allows you to gain divine favour quickly.
   Int-2:     It affects your intelligence (-2).
   rC-:       It makes you vulnerable to cold.
   rPois:     It protects you from poison rN+++: It renders you almost immune to
   negative energy.
 V - a +6 ring of dexterity
 Y - an amulet of the acrobat
Wands
 i - a wand of charming (12)
 k - a wand of roots (25)
 o - a wand of mindburst (8)
 y - a wand of flame (43)
 H - a wand of polymorph (4)
 I - a wand of digging (6)
 X - a wand of light (1)
Scrolls
 f - 3 scrolls of fear
 j - 6 scrolls of immolation
 l - 5 scrolls of blinking
 n - 7 scrolls of teleportation
 r - 2 scrolls of amnesia
 v - a scroll of butterflies
 x - 2 scrolls of revelation
 Q - a scroll of poison
 W - 2 scrolls of enchant weapon
Potions
 d - 4 potions of might
 h - 9 potions of ambrosia
 p - a potion of berserk rage
 q - 7 potions of curing
 u - 9 potions of heal wounds
 w - 4 potions of resistance
 z - 5 potions of attraction
 A - 3 potions of mutation
 B - 4 potions of enlightenment
 C - 5 potions of haste
 F - 2 potions of lignification
 J - 3 potions of magic {unknown}
 K - 2 potions of brilliance {unknown}
 L - a potion of invisibility {unknown}
 M - 2 potions of cancellation {unknown}
Miscellaneous
 N - a phantom mirror


   Skills:
 + Level 12.8 Fighting
 + Level 16.0 Long Blades
 + Level 12.8 Armour
 + Level 12.4 Dodging
 + Level 12.8 Shields
 - Level 10.0 Invocations


You had 13 spell levels left.
You didn't know any spells.
Your spell library contained the following spells:

 Spells                   Type           Power      Damage    Failure   Level
 Blink                    Tloc           0%         N/A       100%        2
 Lesser Beckoning         Tloc           0%         N/A       100%        2
 Momentum Strike          Conj/Tloc      0%         3d8       100%        2
 Sublimation of Blood     Necr           0%         N/A       100%        2
 Dazzling Flash           Conj/Hex       0%         N/A       100%        3
 Tukima's Dance           Hex            0%         N/A       100%        3
 Volatile Blastmotes      Fire/Tloc      0%         2d10      100%        3
 Dimensional Bullseye     Hex/Tloc       0%         N/A       100%        4
 Iskenderun's Mystic Bla  Conj/Tloc      0%         2d3       100%        4
 Passage of Golubria      Tloc           0%         N/A       100%        4
 Petrify                  Tmut/Erth      0%         N/A       100%        4
 Alistair's Intoxication  Tmut/Pois      0%         N/A       100%        5
 Borgnjor's Vile Clutch   Necr/Erth      0%         N/A       100%        5
 Irradiate                Conj/Tmut      0%         3d11      100%        5
 Yara's Violent Unravell  Hex/Tmut       0%         3d3       100%        5
 Eringya's Noxious Bog    Tmut/Pois      0%         4d6       100%        6
 Simulacrum               Ice/Necr       0%         N/A       100%        6
 Starburst                Conj/Fire      0%         6d3       100%        6
 Ozocubu's Refrigeration  Ice            0%         4d7       100%        7
 Maxwell's Capacitive Co  Air            0%         ∞         100%        8
 Polar Vortex             Ice            0%         N/A       100%        9


Dungeon Overview and Level Annotations

Branches:
Dungeon (11/15)            Temple (1/1) D:6            Lair (5/5) D:10
  Swamp (0/4) Lair:3        Snake (0/4) Lair:3        Slime (0/5) Lair:5
    Orc (2/2) D:11          Sewer (visited)         Ossuary (visited)
 Bailey (visited)         Volcano (visited)
    Elf: Orc:2

Altars:
Ashenzari
Cheibriados
Dithmenos
Elyvilon
Fedhas
Gozag
Hepliaklqana
Kikubaaqudgha
Makhleb
Nemelex Xobeh
Okawaru
Qazlal
Ru
Sif Muna
Trog
Uskayaw
Vehumet
Wu Jian
Xom
Yredelemnul
Zin
The Shining One
Jiyva

Shops:
D:3 ?   D:8 [(   D:10 :   D:11 *

Annotations:
Orc:2 Sonja


Innate Abilities, Weirdness & Mutations

You have a pair of horns on your head.
You reflexively headbutt those who attack you in melee.
[You sometimes lose your temper in combat.]
[You are clumsy. (Dex -2)]
[Your body often deteriorates upon taking damage.]
[You are very dopey. (Int -4)]
[You are very frail. (-20% HP)]
[Your magical capacity is very low. (-20% MP)]
[Potions cannot restore your health.]
[You are very vulnerable to cold. (rC--)]
[You occasionally lose the ability to drink potions when taking damage.]
[You sometimes lose the ability to read scrolls when taking damage.]


Message History

The chaos spawn closely misses you.
You slice the apocalypse crab!!
You kill the apocalypse crab!
The Shining One accepts your kill.
You feel better. The chaos spawn misses you. You furiously retaliate!
You headbutt the chaos spawn! You cut the chaos spawn into ribbons!!!
You kill the chaos spawn!
The Shining One accepts your kill.
The chaos spawn degenerates into a cloud of primal chaos!
No target in view!
You feel yourself speed up.
You enter the shallow water.
Moving in this stuff is going to be slow.
You recover from your berserk rage.
You start to feel less resistant.
Your resistance to elements expires.
A lurking horror comes into view.
You barely miss the lurking horror.
Your body is wracked with pain!
An ice devil comes into view.
The large abomination hits you!!
Your body deteriorates!
You feel dopey.
You have lost your intelligence.
An iron dragon simulacrum comes into view.
The large abomination hits you but does no damage.
The large abomination hits you but does no damage. x2
You can move again.
You slice the large abomination!! You headbutt the large abomination!
The large abomination is severely damaged.
The ice devil hits you. The ice devil freezes you!!
You feel a terrible chill!
* * * LOW HITPOINT WARNING * * *
The large abomination misses you.
You are confused.
Your system rejects the healing.
You feel invigorated.
The ice devil hits you but does no damage.
The large abomination hits you!
* * * LOW HITPOINT WARNING * * *
The ice devil hits you.
* * * LOW HITPOINT WARNING * * *
The ice devil freezes you!!
You feel a terrible chill!
You die...

.. ..... .... ..
............. ... .
................ ..
...#......#.... ..8
#.............#
....#............#
.8...............# #.
..............# ##
...
......X@.......###. #
......4.......###...#
.............## .#
...........Z###...#
...........#.# #.#
..........###...##
...........#.#. .##
............# #...##
........ . #...##


You could see a large abomination, an ice devil and an iron dragon simulacrum.

Vanquished Creatures
  Rupert (Lair:4)
  Snorg (Orc:2)
  Josephine (D:11)
  4 hydras
  A catoblepas (Lair:3)
  3 two-headed ogres
  11 death yaks
  A thrashing horror (Abyss:1)
  Amaemon (Lair:2)
  A salamander mystic (Volcano)
  A wretched star (Abyss:1)
  A hell knight (Volcano)
  A swamp dragon (Lair:3)
  Pikel (D:9)
  An orc knight (Bailey)
  3 oklob plants
  A manticore (D:11)
  7 salamanders
  13 elephants
  7 black mambas
  An apocalypse crab (Abyss:1)
  21 cane toads
  A torpor snail (Lair:4)
  2 orange demons
  A rime drake (Lair:3)
  An unseen horror zombie (D:8)
  5 komodo dragons
  2 polar bears (Lair:5)
  A queen bee (D:9)
  4 trolls
  Grinder (D:4)
  4 tyrant leeches (Lair:5)
  18 blink frogs
  19 dream sheep
  Sigmund (D:2)
  A shadow (D:9)
  A ynoxinul (Abyss:1)
  3 wyverns
  8 wraiths
  Eustachio (D:4)
  40 yaks
  A chaos spawn (Abyss:1)
  5 vampire mosquitoes (Lair:5)
  2 wargs
  A large abomination (Abyss:1)
  An acid dragon (D:10)
  18 water moccasins
  2 sky beasts
  5 black bears
  5 ice beasts
  8 orc warriors
  An ogre (Orc:1)
  18 wolves
  5 centaurs
  4 lemures (D:9)
  8 kobold brigands
  17 bullfrogs
  A two-headed ogre simulacrum (Abyss:1)
  A wyvern zombie (D:8)
  6 scorpions
  3 gnoll sergeants
  2 small abominations (Abyss:1)
  9 wights (D:8)
  28 killer bees
  2 electric eels
  2 centaur zombies (D:8)
  2 lava snakes (Lair:3)
  A human zombie (D:8)
  7 orc priests
  A jelly (D:4)
  2 hounds
  Terence (D:2)
  A sleepcap (D:7)
  Jessica (D:2)
  5 iguanas
  13 orc wizards
  A killer bee zombie (D:8)
  12 mummies
  A howler monkey zombie (D:8)
  Robin (D:4)
  29 gnolls
  9 adders
  3 river rats (Sewer)
  A white imp (D:8)
  4 ufetubi
  4 worms
  5 dart slugs
  49 orcs
  7 ball pythons
  9 endoplasms
  8 giant cockroaches
  4 gnoll zombies (Ossuary)
  14 goblins
  7 hobgoblins
  6 quokkas
  10 bats
  3 frilled lizards
  2 hobgoblin zombies (Ossuary)
  37 kobolds
  A kobold zombie (Ossuary)
  An orc zombie (Ossuary)
  6 rats
620 creatures vanquished.

Vanquished Creatures (others)
  A lurking horror (Abyss:1)
1 creature vanquished.

Grand Total: 621 creatures vanquished

Notes
Turn   | Place    | Note
-------+----------+-------------------------------------------
     0 | D:1      | CowFu the Minotaur Fighter began the quest for the Orb.
     0 | D:1      | Reached XP level 1. HP: 19/19 MP: 0/0
   138 | D:1      | Reached skill level 3 in Long Blades
   153 | D:1      | Reached XP level 2. HP: 22/26 MP: 1/1
   192 | D:1      | You fall into a shaft and drop 1 floor!
   267 | D:2      | Reached skill level 4 in Long Blades
   310 | D:1      | Reached XP level 3. HP: 31/31 MP: 2/2
  1118 | D:2      | Noticed Sigmund
  1204 | D:2      | Noticed Terence
  1214 | D:2      | Killed Terence
  1215 | D:2      | Reached skill level 5 in Long Blades
  1215 | D:2      | Reached XP level 4. HP: 38/39 MP: 3/3
  1611 | D:2      | Noticed Jessica
  1764 | D:3      | Identified the +0 robe of the Dice {rC+ MP-9 Int+4}
  1908 | D:3      | Reached skill level 6 in Long Blades
  2066 | D:3      | Reached XP level 5. HP: 44/44 MP: 4/4
  2300 | D:3      | Found Biytacwo's Magic Scroll Shoppe.
  2306 | D:3      | Bought a scroll of brand weapon for 104 gold pieces
  2337 | D:3      | Found a radiant altar of Vehumet.
  2715 | D:3      | Bought a scroll of enchant weapon for 82 gold pieces
  2731 | D:4      | Reached skill level 7 in Long Blades
  2732 | D:4      | Reached XP level 6. HP: 51/51 MP: 5/5
  2753 | D:4      | Reached skill level 8 in Long Blades
  2812 | D:4      | Noticed Eustachio
  2826 | D:4      | Killed Eustachio
  2827 | D:4      | Reached skill level 9 in Long Blades
  2911 | D:4      | Found a sand-covered staircase.
  2930 | Ossuary  | Entered an ossuary
  2950 | Ossuary  | Reached XP level 7. HP: 44/57 MP: 6/6
  3297 | D:4      | Noticed Grinder
  3303 | D:4      | Killed Grinder
  3304 | D:4      | Reached skill level 10 in Long Blades
  3435 | D:4      | Noticed Robin
  3459 | D:4      | Killed Robin
  3721 | D:4      | Reached skill level 11 in Long Blades
  3802 | D:5      | Entered Level 5 of the Dungeon
  3835 | D:5      | Found a glowing drain.
  3847 | Sewer    | Entered a sewer
  4155 | Sewer    | Reached XP level 8. HP: 40/64 MP: 7/7
  4427 | Sewer    | Reached skill level 12 in Long Blades
  4988 | D:5      | Reached skill level 13 in Long Blades
  5722 | D:6      | Reached skill level 14 in Long Blades
  5722 | D:6      | Reached XP level 9. HP: 58/70 MP: 8/8
  5878 | D:6      | Reached skill level 1 in Dodging
  6361 | D:6      | Found a staircase to the Ecumenical Temple.
  6618 | Temple   | Entered the Ecumenical Temple
  6627 | Temple   | Became a worshipper of the Shining One
  6847 | D:7      | Reached skill level 5 in Fighting
  6875 | D:7      | Found a snail-covered altar of Cheibriados.
  6982 | D:7      | Reached skill level 5 in Armour
  6982 | D:7      | Reached skill level 5 in Shields
  7219 | D:7      | Noticed a troll
  7227 | D:7      | Killed a troll
  7345 | D:8      | Found Xim Hib's Antique Weapon Boutique.
  7409 | D:8      | Reached * piety under the Shining One
  7452 | D:8      | Reached XP level 10. HP: 68/83 MP: 9/9
  7594 | D:8      | Found an ancient bone altar of Kikubaaqudgha.
  7626 | D:8      | Reached ** piety under the Shining One
  7752 | D:8      | Found a broken altar of Ashenzari.
  7811 | D:8      | Reached skill level 5 in Dodging
  7930 | D:8      | Found Fehuw's Armour Emporium.
  8075 | D:8      | Found an opulent altar of Gozag.
  8277 | D:9      | Noticed a two-headed ogre
  8284 | D:9      | Killed a two-headed ogre
  8427 | D:9      | Noticed Pikel
  8506 | D:9      | Killed Pikel
  8690 | D:2      | Killed Jessica
  8839 | D:2      | Killed Sigmund
  9901 | D:9      | Reached XP level 11. HP: 88/94 MP: 10/10
 10285 | D:10     | Entered Level 10 of the Dungeon
 10285 | D:10     | Found Ebusuriu's Book Shop.
 10350 | D:10     | Noticed a two-headed ogre
 10358 | D:10     | Killed a two-headed ogre
 10411 | D:10     | Found a flagged portal.
 10421 | Bailey   | Entered a bailey
 10590 | Bailey   | Noticed an orc knight
 10590 | Bailey   | Reached *** piety under the Shining One
 10596 | Bailey   | Killed an orc knight
 11042 | D:10     | Reached skill level 1 in Invocations
 11112 | D:10     | Found a hazy altar of Hepliaklqana.
 11112 | D:10     | Found a shimmering blue altar of Sif Muna.
 11184 | D:10     | Found a staircase to the Lair.
 11573 | D:11     | Found a staircase to the Orcish Mines.
 11629 | D:11     | Found Elaf Xiu's Antique Artefacts.
 11629 | D:11     | Noticed a five-headed hydra
 11648 | D:11     | Killed a seven-headed hydra
 11802 | D:11     | Bought a heavily runed turquoise ring for 145 gold pieces
 11802 | D:11     | Identified the ring of Nomp {rPois AC+4 Str+3 Dex-5} (You
                  | bought it in a shop on level 11 of the Dungeon)
 11802 | D:11     | Bought a heavily runed bone ring for 145 gold pieces
 11802 | D:11     | Identified the ring of the Harvest {rPois AC+4} (You bought
                  | it in a shop on level 11 of the Dungeon)
 11802 | D:11     | Bought a fine steel ring for 145 gold pieces
 11802 | D:11     | Identified the ring "Myvogre" {Fire rElec Will+++ Dex-5
                  | SInv} (You bought it in a shop on level 11 of the Dungeon)
 11802 | D:11     | Bought a brightly glowing leather armour for 203 gold
                  | pieces
 11802 | D:11     | Identified the +0 leather armour "Hiodel" {*Corrode rN+
                  | Will+++} (You bought it in a shop on level 11 of the
                  | Dungeon)
 11802 | D:11     | Bought a heavily runed jade amulet for 145 gold pieces
 11802 | D:11     | Identified the amulet of Wishful Thinking {Faith rPois rC-
                  | rN+++ Int-2} (You bought it in a shop on level 11 of the
                  | Dungeon)
 11826 | D:11     | Noticed Josephine
 11831 | D:11     | Killed Josephine
 11886 | D:11     | Noticed a two-headed ogre
 11892 | D:11     | Killed a two-headed ogre
 12026 | D:11     | Reached skill level 10 in Fighting
 12026 | D:11     | Reached skill level 10 in Shields
 12033 | D:11     | Noticed a two-headed ogre
 12125 | Orc:1    | Entered Level 1 of the Orcish Mines
 12184 | Lair:1   | Entered Level 1 of the Lair of Beasts
 12187 | Lair:1   | Reached skill level 10 in Armour
 12187 | Lair:1   | Reached **** piety under the Shining One
 12194 | Lair:1   | Reached XP level 12. HP: 104/106 MP: 13/13
 12349 | Lair:1   | Reached skill level 5 in Invocations
 12988 | Lair:2   | Noticed Amaemon
 12992 | Lair:2   | Noticed an eight-headed hydra
 12996 | Lair:2   | Reached skill level 10 in Dodging
 13007 | Lair:2   | Killed an eight-headed hydra
 13013 | Lair:2   | Killed Amaemon
 13955 | Lair:3   | Found a white marble altar of Elyvilon.
 14139 | Lair:3   | Found a staircase to the Swamp.
 14174 | Lair:3   | Reached skill level 10 in Invocations
 14441 | Lair:3   | Reached XP level 13. HP: 93/113 MP: 19/19
 14494 | Lair:3   | Found a staircase to the Snake Pit.
 15830 | Lair:4   | Noticed Rupert
 15853 | Lair:4   | Killed Rupert
 16396 | Lair:5   | Entered Level 5 of the Lair of Beasts
 16421 | Lair:5   | Reached ***** piety under the Shining One
 16447 | Lair:5   | Reached skill level 15 in Long Blades
 16479 | Lair:5   | Reached XP level 14. HP: 108/124 MP: 20/20
 16602 | Lair:5   | Found a dark tunnel.
 16611 | Volcano  | Entered a volcano
 16646 | Volcano  | Found a bloodstained altar of Trog.
 17199 | Lair:5   | Identified the +7 hand axe of Aphic {flame, Will+}
 17558 | Lair:5   | Found a viscous altar of Jiyva.
 17559 | Lair:5   | Found a staircase to the Slime Pits.
 17839 | Orc:2    | Entered Level 2 of the Orcish Mines
 18207 | Orc:2    | Noticed Snorg
 18214 | Orc:2    | Killed Snorg
 18263 | Orc:2    | Noticed Sonja
 18273 | Abyss:1  | Found a corrupted altar of Lugonu.
 18273 | Abyss:1  | Cast into level 1 of the Abyss (Sonja)
 18341 | Abyss:1  | Reached skill level 16 in Long Blades
 18371 | Abyss:1  | Found a corrupted altar of Lugonu.
 18489 | Abyss:1  | Reached ****** piety under the Shining One
 18546 | Abyss:1  | Lost intelligence.
 18551 | Abyss:1  | Demolished by an ice devil

Illustrated notes

Levels and vault maps discovered:
D:1:      mrwooster_arrival_statue_2, layout_basic
D:2:      layout_loops_corners, kennysheep_generic_room_3, uniq_sigmund,
          uniq_jessica, uniq_terence
D:3:      kennysheep_six_static_rooms, layout_loops_ring,
          mainiacjoe_overflow_boulevard, serial_shops,
          nicolae_shop_hallway_stairs
D:4:      layout_loops_ring, enter_ossuary_1, nicolae_grassy_gnolls,
          uniq_grinder, uniq_eustachio, uniq_robin
D:5:      layout_loops_corners, gup_sewer_entry_pipe, hangedman_decor_points,
          serial_park_tiny_1, nicolae_tricolors
D:6:      layout_basic, temple_statues
D:7:      cheibrodos_two_vegetables, layout_basic, overflow_temple_1_default,
          minivault_23, minmay_misc_feat_encased, reono_crystal_passage
D:8:      layout_basic, cheibrodos_ashenzari_chains,
          lemuel_mausoleum_altar_kikubaaqudgha, old_standard_altar,
          serial_shops, shop, nicolae_shop_crystal
D:9:      layout_grid_maze, special_room [special_room_bee], uniq_pikel
D:10:     layout_long_grid, gammafunk_temple_overflow_elements,
          grunt_lair_entry_orc_guard_hut, enter_bailey_8, serial_shops,
          nicolae_shop_window_shopping
D:11:     layout_gridville, orc_0_dummy, nicolae_antique_artefacts,
          onia_ninara_dug_in_and_dangerous, uniq_josephine
Temple:   nicolae_temple_no_exploring_needed
Lair:1:   layout_big_grid, lemuel_fruit_tree
Lair:2:   layout_cave_pods, serial_bayou_shore_b, uniq_amaemon
Lair:3:   layout_cave_pods, minmay_swamp_entry_reptiles,
          nicolae_snake_entry_warm_welcome, basic_altar,
          chequers_serial_rivers_marsh, serial_bayou_lagoon_a,
          hangedman_lair_generics_rect
Lair:4:   layout_misc_corridors, serial_rivers, chequers_serial_rivers_room_b,
          chequers_serial_rivers_micro_d, chequers_serial_rivers_small_b,
          chequers_serial_rivers_micro_e, chequers_serial_rivers_small_3,
          uniq_rupert
Lair:5:   minmay_lair_end_frog_pond, layout_gridlike,
          minmay_slime_entry_oklob_open, nicolae_volcano_entry_lava_flow
Orc:1:    layout_diamond_mine
Orc:2:    pf_orc_diabolical, layout_diamond_mine, uniq_sonja, uniq_snorg
Abyss:1:  base: Orc:2, evilmike_abyss_exit_8

Skill      XL: |  1  2  3  4  5  6  7  8  9 10 11 12 13 14 |
---------------+-------------------------------------------+-----
Long Blades    | 3 4 5 6 7 9 11 14 15 16 | 16.0
Dodging        | 4 6 8 10 11 12 | 12.4
Fighting       | 6 8 10 11 12 | 12.8
Armour         | 6 8 10 11 12 | 12.8
Shields        | 6 8 10 11 12 | 12.8
Invocations    | 3 10 | 10.0

Action                     |  1- 3 |  4- 6 |  7- 9 | 10-12 | 13-15 || total
---------------------------+-------+-------+-------+-------+-------++-------
  Melee: Long sword        |    68 |   124 |   369 |       |       ||   561
         Headbutt          |    13 |    23 |    71 |    93 |   155 ||   355
         Scimitar          |       |       |     4 |   478 |   531 ||  1013
         Rapier            |       |       |       |    10 |     7 ||    17
 Invoke: Divine Shield     |       |       |       |     1 |     1 ||     2
    Use: Potion            |       |     1 |       |     5 |     5 ||    11
         Scroll            |       |     3 |    20 |     4 |     7 ||    34
 Armour: Scale mail        |    37 |    21 |       |       |       ||    58
         Chain mail        |       |    92 |   164 |       |       ||   256
         Leather armour    |       |       |    58 |   144 |    18 ||   220
         Acid dragon scale |       |       |       |   248 |   193 ||   441
         Plate armour      |       |       |       |       |   220 ||   220
  Dodge: Dodged            |    47 |    67 |   113 |   426 |   320 ||   973
  Block: Buckler           |    12 |    23 |    77 |   197 |   206 ||   515

Table legend: (Time is in decaauts)
 A = Elapsed time spent in this place.
 B = Non-inter-level travel time spent in this place.
 C = Inter-level travel time spent in this place.
 D = Time resting spent in this place.
 E = Time spent auto-exploring this place.
 F = Levels seen in this place.
 G = Mean time per level.
                   A        B        C        D        E       F      G
               +--------+--------+--------+--------+--------+-----+--------+
         Total |  18869 |  17611 |   1258 |      0 |  12925 |  24 |  786.2 |
       Dungeon |  10639 |   9671 |    968 |      0 |   7419 |  11 |  967.2 |
        Temple |     18 |     10 |      8 |      0 |      0 |   1 |   18.0 |
          Lair |   5475 |   5229 |    246 |      0 |   3897 |   5 | 1095.0 |
  Orcish Mines |    482 |    448 |     34 |      0 |    274 |   2 |  241.0 |
         Abyss |    297 |    297 |      0 |      0 |     66 |   1 |  297.0 |
         Sewer |    927 |    927 |      0 |      0 |    567 |   1 |  927.0 |
       Ossuary |    339 |    339 |      0 |      0 |    256 |   1 |  339.0 |
        Bailey |    451 |    451 |      0 |      0 |    368 |   1 |  451.0 |
       Volcano |    237 |    237 |      0 |      0 |     78 |   1 |  237.0 |
               +--------+--------+--------+--------+--------+-----+--------+

Top non-repeatable levels by time:
  Lair:3: 1796 daAuts
     D:9: 1368 daAuts
     D:3: 1150 daAuts
     D:6: 1136 daAuts
  Lair:5: 1122 daAuts
     D:1: 1075 daAuts
  Lair:2: 1071 daAuts
     D:2: 1021 daAuts
     D:5: 1020 daAuts
     D:8: 979 daAuts
  Lair:4: 962 daAuts
   Sewer: 927 daAuts
     D:4: 752 daAuts
    D:10: 736 daAuts
    D:11: 722 daAuts
